 Dungeon Crawl Stone Soup version 0.28-a0-1114-g8eb0198dcf (webtiles) character file.

Game seed: 14044422492734755788

231 ChaosChampion the Insei (level 6, 0/38 HPs)
             Began as an Octopode Transmuter on Dec 11, 2021.
             Slain by Natasha (4 damage)
             ... on level 2 of the Dungeon.
             The game lasted 00:07:40 (5241 turns).

ChaosChampion the Insei (Octopode Transmuter)       Turns: 5241, Time: 00:07:40

Health: 0/38       AC:  1    Str:  9    XL:     6   Next: 4%
Magic:  1/9        EV: 13    Int: 18    God:
Gold:   75         SH:  0    Dex: 12    Spells: 3/9 levels left

rFire   . . .      SeeInvis .     - Unarmed
rCold   . . .      Faith    .   (no shield)
rNeg    . . .      Spirit   .   (helmet restricted)
rPois   .          Reflect  .   (no amulet)
rElec   .          Harm     .   (no ring)
rCorr   .          Rampage  .   (no ring)
Will    .....                   (no ring)
Stlth   ++........              (no ring)
HPRegen 0.12/turn               (no ring)
MPRegen 0.11/turn               (no ring)
                                (no ring)
                                (no ring)

@: very slightly contaminated, slowed, very slow
A: almost no armour, amphibious, 8 rings, camouflage 1, gelatinous body 1,
(nimble swimmer 1), tentacles
a: no special abilities


You were on level 2 of the Dungeon.
You visited 1 branch of the dungeon, and saw 3 of its levels.

You collected 75 gold pieces.

Inventory:

Missiles
 d - a throwing net
Jewellery
 l - a +6 ring of intelligence
Scrolls
 b - a scroll of teleportation {unknown}
 c - a scroll of torment {unknown}
 e - a scroll of identify {unknown}
 f - a scroll of vulnerability {unknown}
 g - a scroll of brand weapon {unknown}
Potions
 h - a potion of attraction {unknown}
 i - a potion of ambrosia {unknown}
 j - a potion of lignification {unknown}
 k - 2 potions of curing {unknown}


   Skills:
 - Level 1.0 Fighting
 - Level 2.0 Dodging
 * Level 5.9 Unarmed Combat
 - Level 2.0 Spellcasting
 + Level 3.3 Transmutations


You had 3 spell levels left.
You knew the following spells:

 Your Spells              Type           Power      Damage    Failure   Level
a - Beastly Appendage     Tmut           26%        N/A       4%          1
b - Wereblood             Tmut           13%        N/A       7%          2
c - Spider Form           Tmut/Pois      7%         N/A       26%         3

Your spell library contained the following spells:

 Spells                   Type           Power      Damage    Failure   Level
 Magic Dart               Conj           4%         1d3       19%         1
 Call Imp                 Summ           1%         N/A       26%         2
 Sublimation of Blood     Necr           1%         N/A       26%         2
 Mephitic Cloud           Conj/Pois/Air  1%         N/A       47%         3
 Ice Form                 Ice/Tmut       7%         N/A       65%         4
 Petrify                  Tmut/Erth      7%         N/A       65%         4
 Irradiate                Conj/Tmut      3%         3d14      94%         5


Dungeon Overview and Level Annotations

Branches:
Dungeon (3/15)

Altars:

Annotations:
D:2 Natasha
D:3 Sigmund


Innate Abilities, Weirdness & Mutations

You cannot wear most types of armour.
You are amphibious.
You can wear up to eight rings at the same time.
Your skin changes colour to match your surroundings (Stealth+).
Your rubbery body absorbs attacks. (AC +1, EV +1)
((You are camouflaged near water. (Stealth+)))
You have tentacles for arms and can constrict up to eight enemies at once.


Message History

You resist with some effort.
The shadow imp grinds its teeth.
Natasha howls an incantation.
Natasha shimmers violently.
The shadow imp summons a swarm of flies.
Natasha claws you.
Natasha hisses.
The shadow imp summons a swarm of flies.
The shadow imp disappears in a puff of smoke!
Natasha claws you!
* * * LOW HITPOINT WARNING * * *
Natasha growls.
Natasha casts a spell at you.
You feel yourself slow down.
Natasha mewls in sadness.
Natasha casts a spell.
The crimson imp closely misses you.
Natasha casts a spell.
Your magical contamination has completely faded away.
Natasha casts a spell.
The crimson imp hits you.
* * * LOW HITPOINT WARNING * * *
The crimson imp blinks!
Natasha casts a spell at you.
You feel as though you will be slow longer.
The crimson imp barely misses you.
The crimson imp blinks!
The crimson imp blinks!
Natasha claws you.
* * * LOW HITPOINT WARNING * * *
Casting: Spider Form (quite dangerous; 26% risk of failure)
Confirm with . or Enter, or press ? or * to list all spells.
The spell is quite dangerous to miscast (26% risk of failure)!
Continue anyway?
You miscast Spider Form.
You are very lightly contaminated with residual magic.
Multicoloured lights dance before your eyes.
The crimson imp blinks!
Natasha misses you. Natasha barely misses you.
As you read the scroll labelled EDDU FECKEOXONK, it crumbles to dust.
Wisps of shadow whirl around you...
It was a scroll of summoning.
Natasha claws you.
You die...

........# #.).......#
........###############.........#
....>...'.......................'
........###########...#.........#
####'#### #...#.........# #†#
#...##........# #.#
#...##........#
####'##############...##........#
..............J.@h5..............
.......######....5J#############.
.......######.b....# #.
...................# #.
...................# #.
...................# #.
####...............# #.
##########....##...# #. .......#
#....##...# #.


You could see Natasha (ally target), a crimson imp (summoned, ally target), a
white imp (summoned), 2 friendly endoplasms and a friendly bat (summoned).

Vanquished Creatures
  Natasha (twice) (D:2)
  A hound skeleton (D:3)
  6 adders
  4 gnolls (D:2)
  2 worms
  A dart slug (D:2)
  4 orcs (D:3)
  8 ball pythons
  4 endoplasms
  2 giant cockroaches
  4 hobgoblins
  9 kobolds
  5 quokkas
  7 bats
  2 frilled lizards
  2 goblins (D:1)
  5 rats
68 creatures vanquished.

Notes
Turn   | Place    | Note
-------+----------+-------------------------------------------
     0 | D:1      | ChaosChampion the Octopode Transmuter began the quest for
                  | the Orb.
     0 | D:1      | Reached XP level 1. HP: 13/13 MP: 3/3
   340 | D:1      | Reached XP level 2. HP: 18/18 MP: 3/5
   389 | D:1      | Learned a level 2 spell: Wereblood
   556 | D:1      | Reached skill level 4 in Unarmed Combat
   649 | D:1      | Reached XP level 3. HP: 23/23 MP: 4/6
  1016 | D:1      | Learned a level 3 spell: Spider Form
  1514 | D:2      | Reached XP level 4. HP: 22/28 MP: 3/7
  2269 | D:2      | Reached skill level 5 in Unarmed Combat
  2446 | D:2      | Reached XP level 5. HP: 18/33 MP: 3/8
  3206 | D:2      | Noticed Natasha
  3211 | D:2      | Killed Natasha
  4979 | D:3      | Noticed Sigmund
  5083 | D:2      | Noticed Natasha
  5092 | D:2      | Killed Natasha
  5093 | D:2      | Reached XP level 6. HP: 29/38 MP: 5/9
  5204 | D:2      | Noticed Natasha
  5241 | D:2      | Slain by Natasha

Illustrated notes

Levels and vault maps discovered:
D:1:      roderic_chinese_lattice_arrival, layout_loops_cross,
          chequers_decorated_corner
D:2:      layout_basic, uniq_natasha
D:3:      layout_basic, shapermc_ecumenical_altar_gd, kennysheep_big_empty_room,
          grunt_decor_resistance, minivault_24, uniq_robin, uniq_sigmund

Skill      XL: |  1  2  3  4  5 |
---------------+----------------+-----
Unarmed Combat | 4 5 |  5.9
Transmutations | 3 |  3.3
Fighting       | |  1.0
Dodging        | |  2.0
Spellcasting   | |  2.0

Action                   |  1- 3 |  4- 6 || total
-------------------------+-------+-------++-------
Melee: Unarmed           |    74 |    92 ||   166
       Constrict         |    20 |    13 ||    33
       Kick              |     8 |     5 ||    13
       Tentacles         |     7 |     9 ||    16
       Punch             |       |     1 ||     1
 Cast: Beastly Appendage |    17 |     5 ||    22
       Wereblood         |     5 |     3 ||     8
       Spider Form       |     2 |     9 ||    11
  Use: Scroll            |       |     1 ||     1
 Stab: Sleeping          |     4 |     4 ||     8
       Distracted        |       |     1 ||     1
Armor: Skin              |     4 |     2 ||     6
Dodge: Dodged            |    67 |    54 ||   121

Table legend: (Time is in decaauts)
 A = Elapsed time spent in this place.
 B = Non-inter-level travel time spent in this place.
 C = Inter-level travel time spent in this place.
 D = Time resting spent in this place.
 E = Time spent auto-exploring this place.
 F = Levels seen in this place.
 G = Mean time per level.
                   A        B        C        D        E       F      G
               +--------+--------+--------+--------+--------+-----+--------+
         Total |   5236 |   5201 |     35 |   1871 |   2593 |   3 | 1745.3 |
       Dungeon |   5236 |   5201 |     35 |   1871 |   2593 |   3 | 1745.3 |
               +--------+--------+--------+--------+--------+-----+--------+

Top non-repeatable levels by time:
     D:2: 3259 daAuts
     D:1: 1640 daAuts
     D:3: 336 daAuts
